 Dungeon Crawl Stone Soup version 0.29.0-4-gdea44cf6ec (webtiles) character file.

Game seed: 6625972253183203087

23 qw the Chopper (level 2, 0/17 HPs)
             Began as a Tengu Warper on Aug 28, 2022.
             Slain by Terence
             ... wielding a +4 flail
              (5 damage)
             ... on level 2 of the Dungeon.
             The game lasted 00:00:05 (931 turns).

qw the Chopper (Tengu Warper)                        Turns: 931, Time: 00:00:05

Health: 0/17       AC: 10    Str: 11    XL:     2   Next: 95%
Magic:  6/6        EV:  2    Int: 13    God:
Gold:   68         SH:  0    Dex: 13    Spells: 5/5 levels left

rFire   . . .      SeeInvis .   Y - +0 hand axe
rCold   . . .      Faith    .   (no shield)
rNeg    . . .      Spirit   .   h - +0 plate armour
rPois   .          Reflect  .   (helmet restricted)
rElec   .          Harm     .   (no cloak)
rCorr   .          Rampage  .   (no gloves)
Will    .....                   (boots unavailable)
Stlth   ..........              (no amulet)
HPRegen 0.05/turn               (no ring)
MPRegen 0.10/turn               (no ring)

@: no status effects
A: beak, talons 3
a: no special abilities


You were on level 2 of the Dungeon.
You visited 1 branch of the dungeon, and saw 2 of its levels.

You collected 68 gold pieces.


Innate Abilities, Weirdness & Mutations

You have a beak for a mouth.
You have claws for feet.


   Skills:
 - Level 2.0 Fighting
 + Level 3.7 Axes
 - Level 1.0 Throwing
 - Level 1.1 Armour
 - Level 2.1 Dodging
 - Level 2.0 Spellcasting
 - Level 2.4 Translocations


You had 5 spell levels left.
You didn't know any spells.
Your spell library contained the following spells:

 Spells                   Type           Power      Damage    Failure   Level
 Blink                    Tloc           14%        N/A       100%        2
 Gell's Gravitas          Tloc           7%         N/A       100%        3
 Lesser Beckoning         Tloc           7%         N/A       100%        3
 Teleport Other           Tloc           7%         N/A       100%        3
 Manifold Assault         Tloc           7%         N/A       100%        5

Inventory:

Hand Weapons
 d - a +0 whip
 Y - a +0 hand axe (weapon)
Armour
 h - a +0 plate armour (worn)
Jewellery
 c - a ring of ice
 j - a ring of ice
Scrolls
 a - a scroll of acquirement {unknown}
 b - a scroll of immolation {unknown}
 k - a scroll of teleportation
Potions
 m - a potion of heal wounds {unknown}

Dungeon Overview and Level Annotations

Branches:
Dungeon (2/15)

Altars:

Annotations:
D:2 Terence


Message History

There is a stone staircase leading up here.
Existing waypoints: (2) D:1 Assign waypoint to what number? (0-9, D - delete waypoint) Waypoint 1 assigned to D:2.
You float gracefully downwards.
Found a stone staircase leading down.
Enter note:
a - a scroll labelled OHANWA WIGRYIPH You now have 68 gold pieces (gained 8).
A hobgoblin comes into view.
The hobgoblin shouts!
You closely miss the hobgoblin. You claw the hobgoblin.
The hobgoblin is severely wounded.
The hobgoblin hits you but does no damage.
You barely miss the hobgoblin. You claw the hobgoblin.
You kill the hobgoblin!
b - a scroll labelled VOURGH QIOKAT
Found a whip.
Found 5 stones.
c - a ring of ice Terence the Incautious comes into view.
He is wielding a +4 flail.
Terence shouts!
You hit Terence but do no damage. You claw Terence. Your peck misses Terence.
Terence is lightly wounded.
Terence hits you with a +4 flail.
You hit Terence.
Terence is moderately wounded.
Terence hits you but does no damage.
You hit Terence but do no damage. You claw Terence.
You peck Terence, but do no damage.
Terence is moderately wounded.
Terence hits you with a +4 flail.
You barely miss Terence. You claw Terence. Your peck misses Terence.
Terence is moderately wounded.
Terence completely misses you.
You hit Terence but do no damage. You claw Terence.
Terence is heavily wounded.
Terence hits you with a +4 flail.
You die...

####### #(....# ##
#.###.### .. #.#.....#
#####.###.#.#.#.#######
......@@......).....>.#
#####.#####.#.######..#
# ...#.#....#..# ###
#.#.##.#..# #.#.##.#..#
#.#.##.#..# #..#....#
##.###..# #.# #..#


You could see Terence.

Vanquished Creatures
  2 dart slugs (D:1)
  2 bats (D:1)
  A giant cockroach (D:1)
  2 goblins (D:1)
  4 hobgoblins
  3 kobolds (D:1)
  A ball python (D:1)
  A frilled lizard (D:1)
16 creatures vanquished.

Notes
Turn   | Place    | Note
-------+----------+-------------------------------------------
     0 | D:1      | qw the Tengu Warper began the quest for the Orb.
     0 | D:1      | Reached XP level 1. HP: 12/12 MP: 4/4
     0 | D:1      | 0 ||| qw: Version: 0.1-a-89-g26bdef1
     0 | D:1      | 0 ||| qw: Game counter: 625
     0 | D:1      | 0 ||| qw: Always use a shield: true
     0 | D:1      | 0 ||| qw: God list: Okawaru
     0 | D:1      | 0 ||| qw: Allow faded altars: false
     0 | D:1      | 0 ||| qw: Do Orc after D:15 true
     0 | D:1      | 0 ||| qw: Do second Lair branch before Depths: true
     0 | D:1      | 0 ||| qw: Lair rune preference: random
     0 | D:1      | 0 ||| qw: Plans: Normal
     0 | D:1      | 0 ||| PLANNING D:1-11
   103 | D:1      | Reached XP level 2. HP: 17/17 MP: 6/6
   157 | D:1      | Reached skill level 3 in Axes
   747 | D:1      | 747 ||| UPGRADING to +0 plate armour.
   757 | D:1      | 757 ||| DROPPING +0 leather armour.
   758 | D:1      | 758 ||| READING scroll labelled UQOGODWIUMNEU.
   759 | D:1      | 759 ||| READING scroll labelled CEQA ISEVYOLU.
   760 | D:1      | 760 ||| READING 2 scrolls labelled ROUQEO OTWAU.
   761 | D:1      | 761 ||| READING 2 scrolls labelled FEDAWNE TIXIM.
   765 | D:1      | 765 ||| READING scroll labelled LIVUWN CIAMICK.
   766 | D:1      | 766 ||| DRINKING 2 metallic coppery potions.
   767 | D:1      | 767 ||| DROPPING scroll of blinking.
   768 | D:1      | 768 ||| DROPPING potion of flight.
   769 | D:1      | 769 ||| DROPPING scroll of fog.
   921 | D:2      | Noticed Terence
   931 | D:2      | Slain by Terence

Levels and vault maps discovered:
D:1:      saegor_arrival_simple_b, layout_basic
D:2:      layout_basic, serial_shops, nicolae_square_shop, st_stairs_11,
          uniq_terence, uniq_jessica

Skill      XL: |  1  2 |
---------------+-------+-----
Axes           | 3 |  3.7
Fighting       | |  2.0
Throwing       | |  1.0
Armour         | |  1.1
Dodging        | |  2.1
Spellcasting   | |  2.0
Translocations | |  2.4

Action                   || total
-------------------------++-------
Melee: Hand axe          ||    33
       Kick              ||    13
       Peck              ||     7
Throw: Boomerang         ||     7
  Use: Scroll            ||     5
       Potion            ||     1
Armor: Leather armour    ||     6
       Plate armour      ||     2
Dodge: Dodged            ||    12

Table legend:
 A = Non-vault XP
 B = Vault XP
 C = Vault XP percentage of total XP
 D = Non-vault monster count
 E = Vault monster count
 F = Vault count percentage of total count
                 A         B        C        D         E       F
            +---------+---------+-------+---------+---------+-------
      Total |      33 |       0 |   0.0 |      16 |       0 |   0.0
            +---------+---------+-------+---------+---------+-------
        D:1 |      31 |       0 |   0.0 |      15 |       0 |   0.0
        D:2 |       2 |       0 |   0.0 |       1 |       0 |   0.0
            +---------+---------+-------+---------+---------+-------
